 Dungeon Crawl Stone Soup version 0.22-a0-247-gbddf880757 (webtiles) character file.

128 RedPan the Ducker (level 4, -15/35 HPs)
             Began as a Demonspawn Monk on Feb 24, 2018.
             Demolished by an ogre
             ... wielding a +0 giant spiked club
              (26 damage)
             ... on level 4 of the Dungeon.
             The game lasted 00:06:05 (3418 turns).

RedPan the Ducker (Demonspawn Monk)                 Turns: 3418, Time: 00:06:06

Health: -15/35     AC:  3    Str: 12    XL:     4   Next: 87%
Magic:  4/4        EV: 15    Int: 11    God:
Gold:   102        SH:  0    Dex: 16    Spells: 3/3 levels left

rFire    . . .     SeeInvis .   a - +0 falchion
rCold    . . .     Gourm    .   (no shield)
rNeg     . . .     Faith    .   j - +0 leather armour
rPois    .         Spirit   .   (no helmet)
rElec    .         Reflect  .   (no cloak)
rCorr    .         Harm     .   (no gloves)
MR       .....                  (no boots)
Stlth    ++........             (no amulet)
HPRegen  0.11/turn              (no ring)
MPRegen  0.09/turn              (no ring)

@: no status effects
A: repulsion field 1
a: no special abilities


You were on level 4 of the Dungeon.
You were not hungry.

You visited 1 branch of the dungeon, and saw 4 of its levels.

You collected 102 gold pieces.

Inventory:

Hand Weapons
 a - a +0 falchion (weapon)
Armour
 j - a +0 leather armour (worn)
Scrolls
 b - a scroll of fog
 e - 15 scrolls of teleportation
 g - a scroll of identify
 h - 2 scrolls of blinking
 l - 2 scrolls of fear
Potions
 d - 2 potions of agility
 f - 2 potions of degeneration {unknown}
 i - a potion of brilliance {unknown}
 k - 2 potions of curing {unknown}
Comestibles
 c - 8 rations


   Skills:
 - Level 3.0 Fighting
 + Level 3.6 Long Blades
 + Level 2.2 Armour
 + Level 3.7 Dodging
 - Level 1.7 Stealth


You had 3 spell levels left.
You didn't know any spells.

Dungeon Overview and Level Annotations

Branches:
Dungeon (4/15)
 Temple: D:4-7

Altars:
Nemelex Xobeh
Xom


Innate Abilities, Weirdness & Mutations

You are surrounded by a mild repulsion field. (EV +2)


Message History

The ogre is lightly wounded.
The ogre hits you with a giant spiked club!!
Ouch! That really hurt!
* * * LOW HITPOINT WARNING * * *
You hit the ogre.
The ogre is lightly wounded.
You hit the ogre.
The ogre is moderately wounded.
The ogre misses you.
You hit the ogre.
The ogre is heavily wounded.
The ogre closely misses you.
You barely miss the ogre.
The ogre is heavily wounded.
The ogre misses you.
You hit the ogre but do no damage.
The ogre is heavily wounded.
The ogre hits you with a giant spiked club!!
Ouch! That really hurt!
You die...

####<#.# # ##. .....
##.##.. ..... .......
...# ....... #..# #####
. ..>....###..##.....
... ...!..O@##.....#
... #....##..#...# ..#
#.. .#......### ####..#
#
.%..........####......
....#..................
#.#####..............##
# #####......<....#
##..#..##..<.
##....######


You could see an ogre.

Vanquished Creatures
  5 adders
  An ooze (D:3)
  4 worms
  A dart slug (D:1)
  3 leopard geckos
  An orc (D:3)
  A ball python (D:1)
  4 giant cockroaches
  5 goblins
  5 hobgoblins
  5 jackals
  A quokka (D:2)
  9 bats
  2 frilled lizards (D:1)
  6 kobolds
  A leopard gecko skeleton (D:4)
  8 rats
62 creatures vanquished.

Vanquished Creatures (others)
  A bat (D:1)
1 creature vanquished.

Grand Total: 63 creatures vanquished

Notes
Turn   | Place    | Note
-------+----------+-------------------------------------------
     0 | D:1      | RedPan the Demonspawn Monk began the quest for the Orb.
     0 | D:1      | Reached XP level 1. HP: 18/18 MP: 1/1
     0 | D:1      | You fall through a shaft!
   279 | D:1      | Gained mutation: You are surrounded by a mild repulsion field. (EV +2) [demonic ancestry]
   279 | D:1      | Reached XP level 2. HP: 24/24 MP: 2/2
   304 | D:1      | Reached skill level 1 in Armour
   590 | D:1      | Reached XP level 3. HP: 23/29 MP: 3/3
  1598 | D:2      | Reached XP level 4. HP: 7/35 MP: 4/4
  2112 | D:3      | Found a shimmering altar of Xom.
  2113 | D:3      | Found a shimmering altar of Xom.
  2113 | D:3      | Found a shimmering altar of Xom.
  2122 | D:3      | Found a shimmering altar of Xom.
  2123 | D:3      | Found a shimmering altar of Xom.
  2123 | D:3      | Found a shimmering altar of Xom.
  2123 | D:3      | Found a shimmering altar of Xom.
  2124 | D:3      | Found a shimmering altar of Xom.
  2124 | D:3      | Found a shimmering altar of Xom.
  2553 | D:3      | Found a sparkling altar of Nemelex Xobeh.
  3407 | D:4      | Noticed an ogre
  3418 | D:4      | Demolished by an ogre

Vault maps used:
D:1:      lordsloth_arrival_two_stooges, minmay_tromino_mix6
D:2:      first_ration, moated_statue
D:3:      old_standard_altar, xom_redecorated
D:4:      lemuel_crystal_altar

Skill      XL: |  1  2  3  4 |
---------------+-------------+-----
Long Blades    | 3 |  3.6
Armour         | 1 2 |  2.2
Dodging        | 3 |  3.7
Fighting       | |  3.0
Stealth        | |  1.7

Action                   |  1- 3 |  4- 6 || total
-------------------------+-------+-------++-------
Melee: Falchion          |   147 |    96 ||   243
  Use: Scroll            |     5 |     2 ||     7
 Stab: Sleeping          |     3 |     2 ||     5
       Distracted        |       |     1 ||     1
  Eat: Chunk             |     2 |     6 ||     8
Armor: Robe              |    10 |       ||    10
       Leather armour    |    10 |    16 ||    26
Dodge: Dodged            |   157 |    62 ||   219
       Rpst.: Falchion   |    45 |    20 ||    65

Table legend:
 A = Spawn XP
 B = Non-spawn XP
 C = Spawn XP percentage of total XP
 D = Spawn monster count
 E = Non-spawn monster count
 F = Spawn count percentage of total count
 G = Total turns spent on level
                    A         B        C        D         E        F      G
               +---------+---------+-------+---------+---------+-------+---------
         Total |       0 |     184 |   0.0 |       0 |      62 |   0.0 |  3418
               +---------+---------+-------+---------+---------+-------+---------
           D:1 |       0 |      41 |   0.0 |       0 |      24 |   0.0 |   808
           D:2 |       0 |      74 |   0.0 |       0 |      20 |   0.0 |  1284
           D:3 |       0 |      63 |   0.0 |       0 |      16 |   0.0 |   993
           D:4 |       0 |       6 |   0.0 |       0 |       2 |   0.0 |   333
               +---------+---------+-------+---------+---------+-------+---------
